Map: Acropolis LE

Players

hinO - Winner!

  • Race: Zerg Zerg
  • Spawn Location: 11:00

HydraOrc

  • Race: Protoss Protoss
  • Spawn Location: 5:00

Event: 2019 WCS Summer

VOD

Have the link to the VOD?

Description

Time

  • Played on: July 12, 2019, 6:59 a.m.
  • Length: 11:31

All games in this series

Show
View Real Time Build Order
Export as new Build Order

hinO Zerg - Winner!

Build Orders: Hatch First 

Get SALT Encoding   

  12  0:01  Drone  
  13  0:13  Overlord  
  13  0:17  Drone  
  14  0:31  Drone x2  
  16  0:49  Hatchery  
  15  0:51  Drone  
  15  0:55  Drone  
  17  0:58  Drone  
  18  1:09  Extractor  
  17  1:14  Spawning Pool  
  17  1:16  Drone  
  17  1:20  Drone  
  18  1:29  Drone  
  19  1:48  Drone  
  19  1:49  Hatchery  
  19  1:55  Drone  
  19  2:01  Queen  
  20  2:07  Drone  
  23  2:12  Metabolic Boost  
  23  2:15  Zergling x2  
  23  2:18  Zergling x2  
  23  2:22  Drone  
  26  2:27  Overlord  
  26  2:31  Drone  
  26  2:33  Drone  
  28  2:44  Queen  
  28  2:47  Drone  
  28  2:48  Drone x2  
  33  2:55  Drone x2  
  35  3:02  Queen  
  35  3:04  Drone  
  38  3:05  Overlord  
  38  3:07  Drone  
  38  3:09  Drone  
  40  3:13  Drone x2  
  42  3:24  Overlord  
  42  3:25  Drone x3  
  42  3:27  Drone  
  46  3:30  Drone  
  46  3:33  Drone  
  48  3:37  Drone  
  48  3:39  Drone  
  50  3:43  Overlord  
  50  3:44  Drone  
  50  3:45  Drone x2  
  53  3:48  Extractor  
  53  3:49  Overlord  
  53  3:53  Extractor, Roach Warren  
  53  3:55  Drone x2  
  52  3:59  Lair  
  52  4:02  Overlord  
  52  4:05  Drone  
  52  4:06  Drone  
  54  4:13  Drone x7  
  61  4:19  Drone x2  
  61  4:21  Drone, Extractor  
  63  4:28  Overlord  
  63  4:30  Zergling x8  
  67  4:33  Drone  
  68  4:40  Drone x2  
  71  4:45  Drone  
  71  4:46  Extractor, Roach  
  71  4:47  Extractor, Roach x2  
  71  4:51  Overlord  
  71  4:52  Roach x3  
  81  4:54  Overlord x2  
  81  4:58  Spire  
  80  5:02  Overlord  
  80  5:04  Roach  
  80  5:05  Spine Crawler  
  81  5:11  Roach  
  81  5:12  Roach x3  
  81  5:14  Ravager  
  90  5:16  Ravager  
  90  5:19  Zergling x6  
  90  5:21  Spine Crawler, Ravager  
  95  5:23  Roach  
  95  5:25  Glial Reconstitution  
  95  5:27  Roach x3  
  104  5:28  Ravager  
  104  5:31  Roach  
  104  5:33  Overlord  
  106  5:37  Roach x2  
  106  5:42  Overlord  
  110  5:44  Roach  
  110  5:45  Spine Crawler  
  110  5:48  Overlord  
  111  5:56  Spire  
  109  5:58  Drone  
  109  5:59  Drone, Evolution Chamber  
  109  6:00  Drone  
  109  6:01  Drone  
  112  6:05  Drone x2  
  112  6:06  Drone  
  112  6:07  Drone  
  112  6:09  Drone  
  112  6:10  Drone  
  118  6:15  Overlord  
  118  6:17  Drone x2  
  118  6:18  Drone  
  121  6:24  Overlord  
  121  6:38  Drone  
  122  6:43  Zerg Missile Weapons Level 1  
  122  6:44  Drone  
  123  6:56  Hatchery  
  123  6:57  Overlord  
  122  7:07  Mutalisk x12  
  142  7:09  Roach x2  
  138  7:17  Roach x5  
  138  7:21  Roach x3  
  150  7:24  Roach  
  150  7:26  Spine Crawler, Roach  
  153  7:35  Overlord x2  
  153  7:40  Overlord x2  
  153  7:42  Ravager  
  154  7:45  Overlord x2  
  154  7:55  Roach  
  154  7:56  Roach x7  
  170  8:00  Overlord  
  170  8:05  Hatchery  
  144  8:13  Roach x5  
  134  8:21  Roach x3  
  120  8:28  Roach x2  
  120  8:29  Roach  
  105  8:36  Roach  
  106  8:41  Roach x2  
  90  8:48  Roach  
  90  8:50  Roach x2  
  90  8:53  Queen x2  
  91  8:55  Ravager  
  91  8:57  Ravager x4  
  91  8:59  Roach  
  97  9:05  Roach x2  
  97  9:06  Ravager  
  97  9:09  Roach  
  104  9:11  Overseer  
  104  9:14  Roach x2  
  108  9:20  Roach  
  108  9:22  Roach  
  112  9:25  Roach  
  112  9:36  Roach x6  
  112  9:38  Queen  
  126  9:46  Roach x2  
  126  9:49  Ravager x2  
  126  9:50  Ravager x3  
  126  9:52  Zergling x2  
  108  10:12  Zergling x4, Roach x7  
  108  10:13  Zergling x4, Roach x2  
  127  10:18  Roach  
  119  10:24  Roach x2  
  119  10:25  Roach  
  122  10:33  Roach x2  
  126  10:39  Roach  
  126  10:42  Ravager x4  
  132  10:45  Roach x2  
  132  10:49  Roach  
  138  10:52  Roach x3  
  144  10:57  Zergling x8  
  144  10:58  Zergling x2  
  144  11:00  Zergling x4  
  149  11:08  Roach x2  
Show
View Real Time Build Order
Export as new Build Order

HydraOrc Protoss 

Build Orders: 1 Gate Expand, Archon Immortal, Archon Drop 

Get SALT Encoding   

  12  0:00  Probe  
  13  0:12  Probe  
  14  0:20  Pylon  
  14  0:24  Probe  
  15  0:34  Probe  
  15  0:40  Gateway  
  15  0:42  Probe  
  17  0:50  Assimilator  
  17  0:52  Probe  
  18  1:04  Probe  
  19  1:24  Nexus  
  19  1:26  Probe  
  20  1:37  Cybernetics Core  
  20  1:39  Probe  
  21  1:44  Assimilator  
  21  1:49  Probe  
  22  1:56  Pylon  
  22  1:57  Probe  
  22  2:04  Adept  
  23  2:13  Probe, Warp Gate  
  26  2:24  Gateway  
  26  2:25  Probe, Adept  
  27  2:36  Probe  
  30  2:37  Probe  
  31  2:48  Probe  
  31  2:49  Probe  
  33  2:52  Forge  
  33  2:55  Sentry  
  35  3:00  Probe  
  35  3:01  Probe  
  37  3:10  Robotics Facility  
  37  3:13  Probe  
  37  3:19  Probe  
  39  3:22  Probe  
  39  3:23  Assimilator  
  39  3:26  Assimilator, Sentry  
  42  3:30  Probe  
  42  3:31  Probe, Protoss Ground Weapons Level 1  
  44  3:34  Pylon  
  44  3:38  Probe  
  44  3:43  Probe  
  44  3:48  Probe  
  46  3:52  Twilight Council  
  47  3:56  Probe x2  
  47  3:57  Pylon  
  49  4:07  Immortal  
  49  4:08  Probe  
  54  4:14  Pylon  
  54  4:15  Probe  
  55  4:20  Probe  
  55  4:23  Gateway  
  56  4:26  Gateway  
  56  4:27  Probe  
  56  4:29  Charge  
  57  4:41  Gateway  
  57  4:42  Gateway  
  57  4:45  Templar Archives  
  57  4:54  Immortal  
  61  5:03  Gateway  
  61  5:06  Gateway  
  61  5:07  Protoss Ground Weapons Level 2  
  61  5:09  Pylon  
  61  5:11  Zealot  
  63  5:23  Nexus  
  63  5:32  Pylon  
  63  5:33  Observer  
  64  5:38  High Templar  
  64  5:39  High Templar  
  64  5:41  Zealot x2  
  72  5:43  Archon  
  72  5:46  Probe x2  
  72  5:49  Pylon  
  74  5:53  High Templar x2  
  74  5:56  Warp Prism  
  80  5:58  Archon  
  80  6:00  Zealot  
  80  6:02  Zealot  
  84  6:07  Pylon  
  84  6:12  Zealot x2  
  88  6:20  Zealot x2  
  92  6:27  Zealot x2  
  92  6:28  Zealot  
  98  6:39  Probe x3  
  101  6:45  High Templar x2  
  101  6:46  Zealot x3  
  111  6:50  Zealot x2, Archon  
  115  6:59  Zealot, Warp Prism  
  117  7:12  Pylon  
  117  7:14  Pylon  
  109  7:23  Zealot x2  
  109  7:24  Zealot x2  
  109  7:27  Immortal  
  121  7:38  Photon Cannon  
  121  7:41  Photon Cannon  
  121  7:54  Stalker x4  
  121  7:55  Stalker x2  
  125  8:08  Stalker x2  
  113  8:18  Zealot x6  
  97  8:33  Stalker x2  
  85  8:45  Immortal  
  85  8:47  Stalker x3  
  85  8:48  Stalker x2  
  83  8:49  Probe  
  83  8:53  Probe x2  
  72  8:59  Photon Cannon  
  72  9:02  High Templar x2  
  76  9:03  Zealot  
  76  9:06  Archon  
  78  9:11  Probe  
  78  9:13  Blink  
  78  9:14  Photon Cannon  
  79  9:23  Probe  
  79  9:29  High Templar x2  
  83  9:33  Archon  
  79  9:40  Shield Battery  
  79  9:41  Shield Battery  
  79  9:44  Photon Cannon  
  79  9:47  Zealot x3  
  85  9:53  Stalker  
  74  10:03  Stalker x3  
  69  10:12  High Templar x2  
  69  10:13  Assimilator  
  64  10:19  Archon  
  64  10:20  Shield Battery  
  58  10:21  Probe x2  
  58  10:26  Zealot x2  
  60  10:37  Zealot x3  
  59  10:44  Zealot  
  59  10:45  Zealot  
  59  10:47  Probe  
  64  10:51  Pylon  
  64  10:53  High Templar  
  64  10:56  High Templar  
  68  11:00  Archon  
  68  11:01  Probe  
  69  11:06  Stalker  
  69  11:08  Zealot x2  
  71  11:14  Zealot x2  
  65  11:21  Zealot  
Tags
 
Add a new tag
Caveats
  • Supply blocks, unpowered buildings, or Contaminate may cause inaccurate times.
  • Supply counts are checked every 10 seconds.